Map: Frozen Temple

Players

Gracz

  • Race: Zerg Zerg
  • League: Silver

maSta - Winner!

  • Race: Terran Terran
  • League: Gold

VOD

Have the link to the VOD?

Description

Time

  • Played on: Nov. 1, 2016, 2:06 p.m.
  • Length: 21:39
Show
View Real Time Build Order
Export as new Build Order

Gracz Zerg 

Build Orders: Hatch First, Lurkers 

Get SALT Encoding   

  12  0:01  Drone  
  13  0:08  Drone  
  14  0:17  Overlord  
  14  0:36  Drone x3  
  17  0:55  Extractor  
  16  0:57  Unknown, Hatchery  
  16  0:58  Drone  
  16  1:11  Drone x2  
  18  1:19  Spawning Pool  
  18  1:24  Drone  
  18  1:41  Drone x2  
  20  1:49  Extractor  
  20  1:52  Drone  
  20  2:07  Drone  
  21  2:09  Unknown  
  21  2:11  Queen x2  
  25  2:17  Drone  
  26  2:32  Drone x2  
  26  2:33  Overlord x2  
  27  3:00  Zergling x10  
  32  3:25  Drone  
  32  3:26  Drone x3  
  36  3:52  Lair  
  36  3:56  Pneumatized Carapace  
  36  4:03  Overlord x3  
  36  4:17  Metabolic Boost  
  36  4:21  Evolution Chamber  
  36  4:23  Evolution Chamber  
  35  4:24  Zergling x12  
  35  4:25  Zergling x8  
  44  4:43  Drone  
  44  4:44  Drone x3  
  48  4:53  Unknown, Hatchery  
  48  4:55  Zerg Melee Weapons Level 1  
  47  5:07  Zerg Ground Armor Level 1  
  47  5:08  Drone  
  47  5:09  Drone x3  
  51  5:25  Spire  
  50  5:31  Hydralisk Den  
  50  5:33  Drone, Infestation Pit  
  50  5:34  Drone x2  
  51  5:41  Queen  
  53  6:05  Unknown  
  43  6:20  Hydralisk x2  
  43  6:21  Hydralisk x5  
  43  6:22  Zergling x6  
  43  6:23  Zergling x6  
  31  7:02  Zergling x8, Corruptor  
  31  7:03  Zergling x2, Corruptor  
  40  7:31  Drone  
  40  7:32  Queen, Drone x6  
  49  7:51  Lurker Den  
  49  7:58  Zergling x14  
  52  7:59  Overlord  
  56  8:07  Drone  
  57  8:17  Queen  
  49  8:43  Drone  
  49  8:44  Drone x8  
  49  8:47  Extractor  
  57  8:48  Extractor  
  56  9:09  Hive  
  56  9:15  Extractor, Queen x2  
  59  9:32  Lurker x2  
  59  9:38  Drone x5  
  62  9:40  Overlord x4  
  62  9:42  Overseer  
  62  9:44  Overseer  
  66  9:57  Queen  
  68  10:02  Drone  
  68  10:03  Drone x9  
  81  10:18  Zergling x6  
  81  10:25  Corruptor  
  81  10:26  Corruptor  
  81  10:27  Corruptor  
  87  10:46  Zerg Ground Armor Level 2, Zerg Melee Weapons Level 2  
  87  10:55  Ultralisk Cavern  
  86  10:57  Greater Spire  
  86  11:00  Overlord x3  
  86  11:03  Zergling x2, Hydralisk  
  87  11:06  Zergling x2  
  65  11:33  Hydralisk x5  
  65  11:34  Zergling x2  
  65  11:35  Zergling x4  
  65  11:38  Lurker  
  49  12:16  Zergling x2  
  49  12:17  Zergling x12  
  49  12:20  Lurker  
  57  12:25  Brood Lord x2  
  57  12:26  Brood Lord  
  61  12:34  Chitinous Plating  
  51  12:53  Corruptor  
  51  12:54  Corruptor x2  
  49  13:46  Unknown, Hatchery  
  48  13:49  Hydralisk  
  48  13:50  Hydralisk x2  
  48  13:51  Zergling x2  
  55  14:03  Unknown, Hatchery  
  55  14:08  Drone  
  55  14:09  Drone  
  56  14:25  Lurker  
  56  14:26  Lurker x2  
  59  14:39  Drone x3  
  62  14:58  Unknown  
  62  14:59  Zergling x2  
  63  15:00  Zergling x6  
  63  15:03  Drone  
  67  15:15  Unknown  
  67  15:16  Zergling x6  
  64  15:42  Hydralisk x3  
  59  15:59  Corruptor x2  
  52  16:26  Corruptor  
  52  16:27  Corruptor  
  52  16:31  Drone  
  52  16:32  Drone x2  
  59  16:47  Drone x4  
  63  16:57  Zergling x4  
  52  17:27  Zergling x22  
  52  17:28  Zergling x2  
  61  17:39  Hydralisk x2  
  49  18:06  Zergling x18  
  47  18:36  Zergling x2  
  47  18:37  Zergling x10  
  51  18:43  Brood Lord  
  43  19:11  Zergling x18  
  52  19:23  Overseer  
  52  19:24  Overseer x2  
  52  19:36  Drone x3  
  52  19:37  Drone  
  53  20:08  Unknown, Hatchery  
  46  20:22  Corruptor  
  46  20:25  Zergling x2  
  46  20:26  Zergling x4  
  47  20:45  Hydralisk x3  
  47  20:49  Corruptor  
  51  20:55  Hydralisk x2  
  50  21:19  Unknown  
Show
View Real Time Build Order
Export as new Build Order

maSta Terran - Winner!

Build Orders:  

Get SALT Encoding   

  12  0:01  SCV  
  13  0:13  SCV  
  14  0:24  Supply Depot  
  14  0:32  Refinery, SCV  
  15  0:46  SCV  
  15  0:48  Barracks  
  16  0:58  SCV  
  17  1:06  Supply Depot  
  17  1:10  SCV  
  18  1:22  SCV  
  19  1:34  SCV  
  19  1:37  Reaper  
  21  1:45  Refinery  
  21  1:46  SCV  
  22  1:59  Unknown, Command Center  
  22  2:10  Barracks Reactor  
  22  2:22  Factory  
  23  2:24  Orbital Command  
  22  2:54  Marine x2  
  24  3:04  Supply Depot  
  24  3:10  Unknown  
  24  3:25  Orbital Command  
  24  3:29  Starport  
  24  3:34  SCV  
  24  3:37  Engineering Bay  
  24  3:39  Barracks Reactor  
  25  3:42  Orbital Command  
  25  3:46  SCV  
  25  3:50  Hellion x2  
  29  3:59  SCV  
  30  4:06  Factory  
  30  4:07  Starport Reactor  
  30  4:11  SCV  
  30  4:14  Armory  
  31  4:18  SCV  
  32  4:25  Hellion  
  32  4:27  Hellion  
  32  4:30  SCV  
  37  4:36  Liberator  
  37  4:38  Marine x2  
  37  4:42  SCV  
  40  4:46  SCV  
  40  4:49  Hellion x2  
  45  4:54  SCV  
  49  5:02  Marine, Supply Depot  
  49  5:06  SCV, Factory Tech Lab  
  51  5:10  Hellion  
  53  5:18  Hellion  
  55  5:23  Supply Depot  
  55  5:30  Supply Depot  
  55  5:41  Marine x2  
  57  5:46  Supply Depot  
  57  5:58  Siege Tank  
  57  6:01  Viking x2  
  57  6:03  Supply Depot  
  64  6:05  Hellion  
  64  6:06  Hellion  
  64  6:07  SCV  
  67  6:19  SCV  
  64  6:28  Marine x2  
  63  6:46  Marine x2  
  63  6:50  Viking x2  
  57  7:04  Marine x2, Refinery x2  
  59  7:12  Hellion x2, Siege Tank  
  66  7:21  Barracks  
  63  7:49  Siege Tank  
  66  8:14  Barracks Tech Lab  
  66  8:15  Factory  
  47  8:38  Hellion  
  47  8:39  Hellion  
  45  8:41  Siege Tank  
  46  8:56  Unknown, Command Center  
  46  9:00  Unknown, Command Center  
  46  9:10  Factory Tech Lab  
  46  9:13  Medivac x2  
  50  9:24  SCV  
  51  9:36  SCV  
  51  9:37  Siege Tank  
  55  9:40  Marine x2  
  55  9:41  Marine x2  
  55  9:43  Medivac x2  
  63  9:48  Terran Infantry Weapons Level 1, Terran Vehicle Weapons Level 1  
  63  9:50  Siege Tank  
  63  9:52  Siege Tank  
  69  9:55  Infernal Pre-Igniter  
  69  9:58  Marine x2  
  69  9:59  Marine x2  
  73  10:08  Unknown  
  73  10:11  Unknown  
  73  10:32  Siege Tank  
  73  10:33  Siege Tank  
  73  10:34  Siege Tank  
  82  10:42  Planetary Fortress  
  82  10:46  Sensor Tower  
  72  11:38  Siege Tank x3  
  72  11:39  Marine x2  
  83  11:56  Marine  
  83  11:57  Marine  
  71  12:10  Siege Tank x3  
  71  12:14  Marine x2  
  79  12:16  SCV  
  79  12:19  Planetary Fortress  
  80  12:28  SCV  
  81  12:32  Marine x2  
  83  12:40  SCV  
  83  12:42  Siege Tank  
  84  12:47  Viking x2  
  84  12:50  Marine x2  
  90  12:52  SCV  
  88  13:04  SCV  
  81  13:17  Viking x2  
  82  13:26  Terran Vehicle Weapons Level 2  
  76  13:47  Viking, Starport  
  78  13:53  SCV  
  79  14:05  SCV  
  79  14:07  Viking  
  82  14:17  SCV  
  83  14:45  Viking x2  
  87  14:59  Starport Reactor  
  87  15:00  Supply Depot  
  87  15:11  Unknown, Command Center  
  87  15:14  Marine  
  87  15:15  Marine  
  87  15:19  Refinery  
  87  15:20  Refinery  
  89  15:32  Marine x2  
  84  15:48  Viking x4  
  90  15:50  Marine x2  
  85  16:17  Viking  
  74  16:22  Unknown  
  72  16:34  Siege Tank x3  
  72  16:38  SCV  
  81  16:50  SCV  
  82  17:02  SCV  
  82  17:06  Siege Tank x2  
  68  18:08  Widow Mine  
  68  18:09  Siege Tank x2  
  76  18:16  Viking  
  78  18:26  Refinery  
  75  18:27  Refinery  
  72  18:37  Siege Tank  
  72  18:41  Siege Tank x2  
  81  19:07  Marine x2  
  81  19:09  Siege Tank  
  86  19:12  Barracks  
  86  19:13  Siege Tank x2  
  86  19:14  Barracks x2  
  164  19:24  Viking x4  
  84  19:25  Marine x2  
  94  19:41  Siege Tank  
  87  19:49  Marine x2  
  87  19:50  Marine x2  
  91  19:55  SCV  
  92  20:01  Planetary Fortress  
  92  20:05  Barracks Tech Lab, Refinery  
  92  20:07  Marine, SCV  
  92  20:13  Barracks Tech Lab  
  94  20:15  Barracks Reactor  
  94  20:23  Refinery  
  94  20:27  Viking x2  
Tags
 
Composition
Lurkers
Matchup
TvZ
Replay Pack
turniej
Add a new tag
Caveats
  • Supply blocks, unpowered buildings, or Contaminate may cause inaccurate times.
  • Supply counts are checked every 10 seconds.